Map: Moonlight Madness LE (Void)

Players

wabbajack - Winner!

  • Race: Zerg Zerg
  • League: Gold

STumpY

  • Race: Terran Terran
  • League: Silver

VOD

Have the link to the VOD?

Description

Time

  • Played on: July 19, 2015, 9:59 p.m.
  • Length: 9:50
Show
View Real Time Build Order
Export as new Build Order

wabbajack Zerg - Winner!

Build Orders: Hatch First, Zergling Baneling 

Get SALT Encoding   

  12  0:01  Drone  
  13  0:13  Overlord  
  13  0:17  Drone  
  14  0:27  Extractor  
  14  0:28  Drone  
  14  0:32  Drone  
  16  0:37  Drone  
  17  0:55  Hatchery  
  16  0:58  Extractor  
  16  0:59  Drone  
  16  1:03  Drone  
  17  1:08  Drone  
  18  1:21  Spawning Pool  
  17  1:25  Extractor  
  17  1:31  Drone x2  
  18  1:40  Drone  
  19  2:00  Drone  
  20  2:01  Drone  
  20  2:08  Queen  
  23  2:10  Pneumatized Carapace  
  23  2:17  Baneling Nest  
  23  2:20  Drone  
  23  2:24  Zergling x4  
  25  2:30  Zergling x4  
  27  2:37  Metabolic Boost  
  27  3:09  Zergling x2  
  28  3:14  Overlord  
  28  3:19  Extractor  
  27  3:22  Baneling x7  
  27  3:23  Baneling  
  27  3:27  Extractor, Queen  
  30  3:45  Drone x2  
  30  3:46  Drone x3  
  30  3:48  Overlord  
  31  4:35  Zergling x2  
  31  4:36  Zergling x4  
  31  4:37  Zergling x2  
  35  4:44  Zergling x14  
  32  5:17  Lair  
  32  5:19  Extractor  
  32  5:21  Extractor  
  30  5:23  Queen  
  21  6:22  Zergling x24  
  21  6:23  Zergling x10  
  38  6:28  Roach Warren  
  38  6:30  Spire  
  38  6:31  Spore Crawler  
  27  7:28  Baneling x2  
  27  7:42  Hatchery  
  20  8:28  Drone  
  20  8:30  Drone  
  20  8:31  Drone x11  
Show
View Real Time Build Order
Export as new Build Order

STumpY Terran 

Build Orders: Siege Tank Drop 

Get SALT Encoding   

  12  0:01  SCV  
  13  0:13  SCV  
  14  0:21  Supply Depot  
  14  0:25  SCV  
  15  0:40  Refinery  
  15  0:43  SCV  
  15  0:45  Barracks  
  16  0:55  SCV  
  17  1:11  SCV  
  18  1:28  SCV  
  19  1:34  Marine  
  20  1:44  Orbital Command  
  20  1:45  Supply Depot  
  20  1:46  Factory  
  20  1:52  Marine  
  21  1:57  Refinery  
  21  2:14  Marine  
  22  2:23  SCV  
  23  2:33  Factory Tech Lab  
  23  2:35  SCV  
  24  2:37  Marine  
  24  2:38  Starport  
  24  2:41  Engineering Bay  
  25  2:47  SCV  
  25  2:52  Siege Tank  
  29  3:02  Supply Depot  
  29  3:03  SCV  
  29  3:15  Medivac  
  31  3:24  SCV  
  32  3:40  Barracks Reactor  
  32  3:45  Command Center  
  32  3:46  Armory  
  32  3:56  SCV  
  33  4:05  Barracks  
  33  4:06  Barracks  
  28  4:28  SCV  
  28  4:29  Marine x2  
  25  4:47  SCV, Marine  
  27  4:55  Missile Turret  
  27  5:06  SCV  
  25  5:08  Barracks Tech Lab  
  25  5:18  SCV  
  26  5:31  SCV, Marine x2  
  29  5:41  Marine x2  
  30  5:55  SCV  
  26  5:58  Marine x2  
  26  6:02  Stimpack, Marine x2  
  27  6:08  SCV  
  27  6:24  Marine x2  
  27  6:25  Marine x2  
  17  6:34  SCV  
  18  6:57  SCV  
  18  7:00  Marine  
  20  7:09  SCV  
  21  7:21  SCV  
  22  7:23  SCV  
  23  7:33  SCV  
  23  7:35  SCV  
  25  7:45  SCV  
  21  8:00  Marine x3  
  21  8:01  SCV  
  25  8:13  SCV  
  25  8:18  Marine x2  
  22  8:20  Marine  
  22  8:25  SCV  
  18  8:37  SCV  
Tags
 
Add a new tag
Caveats
  • Supply blocks, unpowered buildings, or Contaminate may cause inaccurate times.
  • Supply counts are checked every 10 seconds.